 Dungeon Crawl Stone Soup version 0.29.1-2-gbd0b4ee654 (webtiles) character file.

Game seed: 4475406484366757982

380 Icepheonix32 the Trooper (level 6, -8/50 HPs)
             Began as a Minotaur Fighter on Oct 25, 2022.
             Killed by divine providence
             ... invoked by an orc priest
              (11 damage)
             ... on level 4 of the Dungeon.
             The game lasted 00:04:03 (3245 turns).

Icepheonix32 the Trooper (Minotaur Fighter)         Turns: 3245, Time: 00:04:04

Health: -8/50      AC:  8    Str: 20    XL:     6   Next: 46%
Magic:  5/5        EV:  9    Int:  7    God:
Gold:   208        SH:  4    Dex: 10    Spells: 5/5 levels left

rFire   . . .      SeeInvis .   e - +0 long sword (flame)
rCold   . . .      Faith    .   c - +0 buckler
rNeg    . . .      Spirit   .   b - +0 scale mail
rPois   .          Reflect  .   (helmet restricted)
rElec   .          Harm     .   m - +0 cloak
rCorr   .          Rampage  .   (no gloves)
Will    .....                   (no boots)
Stlth   ..........              (no amulet)
HPRegen 0.16/turn               (no ring)
MPRegen 0.09/turn               (no ring)

@: no status effects
A: horns 2, retaliatory headbutt, frail 1, subdued magic 1
a: no special abilities


You were on level 4 of the Dungeon.
You visited 2 branches of the dungeon, and saw 5 of its levels.

You collected 208 gold pieces.

Inventory:

Hand Weapons
 a - a +0 war axe
 e - a +0 long sword of flaming (weapon)
Missiles
 j - 2 atropa-tipped darts (quivered)
Armour
 b - a +0 scale mail (worn)
 c - a +0 buckler (worn)
 m - a +0 cloak (worn)
 n - an orb of energy
Scrolls
 f - a scroll of noise
 g - 4 scrolls of teleportation
 l - a scroll of fear
 o - a scroll of identify
Potions
 d - 2 potions of might
 h - 3 potions of cancellation
 i - a potion of degeneration
 k - 3 potions of curing
 p - a potion of haste


   Skills:
 * Level 5.3 Fighting
 + Level 4.1 Long Blades
 - Level 2.4 Axes
 + Level 5.1 Armour
 + Level 1.7 Dodging
 + Level 0.7 Stealth
 + Level 4.6 Shields


You had 5 spell levels left.
You didn't know any spells.
Your spell library contained the following spells:

 Spells                   Type           Power      Damage    Failure   Level
 Freeze                   Ice            0%         1d3       83%         1
 Frozen Ramparts          Ice            0%         1d1       99%         3
 Tukima's Dance           Hex            0%         N/A       99%         3
 Hailstorm                Conj/Ice       0%         3d3       100%        4
 Passage of Golubria      Tloc           0%         N/A       100%        4
 Yara's Violent Unravell  Hex/Tmut       0%         3d3       100%        5


Dungeon Overview and Level Annotations

Branches:
Dungeon (4/15)             Temple (1/1) D:4

Altars:
Ashenzari
Cheibriados
Dithmenos
Elyvilon
Gozag
Hepliaklqana
Makhleb
Qazlal
Ru
Sif Muna
Vehumet
Zin
The Shining One


Innate Abilities, Weirdness & Mutations

You have a pair of horns on your head.
You reflexively headbutt those who attack you in melee.
You are frail. (-10% HP)
Your spells are a little easier to cast, but a little less powerful.


Message History

You barely miss the orc priest.
The orc priest invokes the aid of Beogh against you.
Pain shoots through your body! The orc hits you with a +0 flail.
You are too injured to fight recklessly!
There are monsters nearby!
There are monsters nearby!
You are too injured to fight recklessly!
You hit the orc priest. You burn the orc priest.
Your headbutt misses the orc priest.
The orc priest is lightly wounded.
The orc priest calls down the wrath of Beogh upon you.
Beogh smites you!
* * * LOW HITPOINT WARNING * * *
You block the orc's attack.
You closely miss the orc priest.
The orc priest is lightly wounded.
The orc priest barely misses you. The orc closely misses you.
The orc hits you but does no damage.
The orc priest hits you with a +1 falchion of holy wrath.
* * * LOW HITPOINT WARNING * * *
You closely miss the orc priest. You headbutt the orc priest!
The orc priest is heavily wounded.
The orc hits you with a +0 flail.
* * * LOW HITPOINT WARNING * * *
You block the orc priest's attack.
You closely miss the orc priest.
The orc priest is heavily wounded.
The orc priest hits you but does no damage.
The orc hits you with a +0 flail.
* * * LOW HITPOINT WARNING * * *
Unknown command.
You closely miss the orc priest. You headbutt the orc priest.
The orc priest is severely wounded.
The orc priest hits you but does no damage.
The orc hits you but does no damage.
You hit the orc priest. You burn the orc priest.
The orc priest is almost dead.
The orc priest calls down the wrath of Beogh upon you.
Beogh smites you!
You die...

#.# #.# #.# ### ..# #.#
# ......# #.##.# ##.#.
.# #....# #... ..#
#######.####.#..##..####
##.......[...#..o)......
##.####.######..@o# ##.#
##.#......)..# ##.#
#....####.#..# ##.#
#....#.......# ##.#
#....#.......# ...#
#.)..#..####.# ####
#....#.. .# # #....#.#
## # #....#.


You could see an orc priest and an orc.

Vanquished Creatures
  An ogre (D:4)
  A hound (D:3)
  An orc priest (D:4)
  Jessica (D:2)
  An iguana (D:4)
  An orc wizard (D:3)
  8 adders
  4 worms
  2 dart slugs
  An orc (D:4)
  2 ball pythons
  8 bats
  5 endoplasms
  4 giant cockroaches
  5 goblins
  4 hobgoblins
  4 quokkas
  8 frilled lizards (D:1)
  11 kobolds
  4 rats
76 creatures vanquished.

Notes
Turn   | Place    | Note
-------+----------+-------------------------------------------
     0 | D:1      | Icepheonix32 the Minotaur Fighter began the quest for the
                  | Orb.
     0 | D:1      | Reached XP level 1. HP: 19/19 MP: 0/0
   284 | D:1      | Reached XP level 2. HP: 27/27 MP: 1/1
   949 | D:2      | Reached XP level 3. HP: 33/33 MP: 2/2
   970 | D:2      | Reached skill level 1 in Long Blades
  1400 | D:2      | Found a faded altar of an unknown god.
  1451 | D:2      | Reached XP level 4. HP: 20/40 MP: 3/3
  1630 | D:2      | Noticed Jessica
  1639 | D:2      | Killed Jessica
  1723 | D:2      | Reached skill level 1 in Dodging
  2109 | D:3      | Reached XP level 5. HP: 28/47 MP: 4/4
  2654 | D:3      | Found a sacrificial altar of Ru.
  2796 | D:3      | Reached skill level 5 in Fighting
  2862 | D:3      | Gained mutation: You are frail. (-10% HP) [potion of
                  | mutation]
  2862 | D:3      | Gained mutation: Your spells are a little easier to cast,
                  | but a little less powerful. [potion of mutation]
  2889 | D:4      | Found a staircase to the Ecumenical Temple.
  2900 | Temple   | Entered the Ecumenical Temple
  3121 | D:4      | Noticed an ogre
  3129 | D:4      | Killed an ogre
  3130 | D:4      | Reached skill level 5 in Armour
  3130 | D:4      | Reached XP level 6. HP: 35/50 MP: 5/5
  3243 | D:4      | HP: 2/50 [orc/+0 flail (3)]
  3245 | D:4      | Killed from afar by an orc priest

Illustrated notes

Levels and vault maps discovered:
D:1:      scummos_arrival_gate, layout_loops_ring, minmay_lizard_pond
D:2:      layout_basic, hellmonk_ecumenical_altar_lost_god,
          kennysheep_jessica_study
D:3:      layout_rooms, nicolae_ru_great_annihilating_truth
D:4:      layout_basic, okawaru_altar_gauntlet_db, temple_statues
Temple:   hellmonk_temple_two_chambers

Skill      XL: |  1  2  3  4  5 |
---------------+----------------+-----
Fighting       | 4 5 |  5.3
Armour         | 4 5 |  5.1
Shields        | 4 |  4.6
Long Blades    | 2 3 4 |  4.1
Dodging        | 1 |  1.7
Axes           | |  2.4
Stealth        | |  0.7

Action                   |  1- 3 |  4- 6 || total
-------------------------+-------+-------++-------
Melee: Long sword        |   111 |   117 ||   228
       Headbutt          |    18 |    16 ||    34
       War axe           |     2 |       ||     2
  Use: Scroll            |     2 |     6 ||     8
       Potion            |       |     3 ||     3
 Stab: Paralysed         |       |     1 ||     1
Armor: Scale mail        |    72 |    67 ||   139
Dodge: Dodged            |    63 |    62 ||   125
Block: Buckler           |    26 |    21 ||    47
